 Dungeon Crawl Stone Soup version 0.21-a0-142-gdd972a7 (webtiles) character file.

249 Firecrotchwizard the Chopper (level 5, -10/47 HPs)
             Began as a Minotaur Berserker on July 23, 2017.
             Was a Priest of Trog.
             Killed by divine providence
             ... invoked by an orc priest
              (11 damage)
             ... on level 4 of the Dungeon.
             The game lasted 00:10:46 (3202 turns).

Firecrotchwizard the Chopper (Minotaur Berserker)   Turns: 3202, Time: 00:10:47

Health: -10/47     AC:  9    Str: 21    XL:     5   Next: 86%
Magic:  4/4        EV:  6    Int:  4    God:    Trog [***...]
Gold:   185        SH:  7    Dex: 11    Spells: 4/4 levels left

rFire    . . .     SeeInvis .   a - +0 hand axe
rCold    . . .     Gourm    .   k - +0 shield
rNeg     . . .     Faith    .   y - +0 chain mail
rPois    .         Spirit   .   (helmet restricted)
rElec    .         Reflect  .   B - scarf {repulsion}
rCorr    .         Harm     .   (no gloves)
MR       .....                  (no boots)
Stlth    ..........             (no amulet)
HPRegen  0.15/turn              (no ring)
MPRegen  0.09/turn              (no ring)

@: repel missiles
A: retaliatory headbutt, horns 2
a: Berserk, Trog's Hand, Burn Spellbooks, Renounce Religion


You were on level 4 of the Dungeon.
You worshipped Trog.
Trog was most pleased with you.
You were not hungry.

You visited 1 branch of the dungeon, and saw 4 of its levels.

You collected 185 gold pieces.

Inventory:

Hand Weapons
 a - a +0 hand axe (weapon)
 e - a +2 antimagic spear
   (You found it on level 1 of the Dungeon)
 p - a +2 trident of distortion {!w}
   (You took it off an orc on level 3 of the Dungeon)
Missiles
 r - 2 throwing nets {=f, !d}
 s - a tomahawk (quivered)
Armour
 b - a +0 animal skin
 k - a +0 shield (worn)
   (You took it off a hobgoblin on level 2 of the Dungeon)
 y - a +0 chain mail (worn)
   (You found it on level 3 of the Dungeon)
 B - a scarf of repulsion (worn)
   (You found it on level 4 of the Dungeon)
Scrolls
 i - a scroll of teleportation {unknown}
 m - a scroll of enchant weapon {unknown}
 n - 2 scrolls of remove curse
 o - a scroll of magic mapping {unknown}
 v - 2 scrolls of recharging
 w - 2 scrolls of blinking {unknown}
Potions
 d - a potion of resistance
 f - a potion of haste {unknown}
 j - 2 potions of flight {unknown}
 l - 2 potions of curing
 t - 2 potions of agility {unknown}
 u - a potion of cancellation {unknown}
 x - a potion of might {unknown}
 z - a potion of brilliance {unknown}
Comestibles
 c - 3 bread rations {@e1}
 g - a royal jelly
 h - 2 meat rations {@e2}
 q - 5 fruits
 A - a chunk of flesh {@w0}


   Skills:
 + Level 4.8 Fighting
 * Level 5.7 Axes
 + Level 3.9 Armour
 - Level 3.4 Dodging
 + Level 0.5 Shields


You had 4 spell levels left.
You didn't know any spells.

Dungeon Overview and Level Annotations

Branches:
Dungeon (4/15)
 Temple: D:4-7

Altars:


Innate Abilities, Weirdness & Mutations

You reflexively headbutt those who attack you in melee.
You have a pair of horns on your head.


Message History

The orc priest looks braver for a moment.
An orc comes into view. It is wielding a whip.
Aim: an orc, wielding a whip and wearing a ring mail (hasn't noticed you)
You throw a tomahawk. The tomahawk barely misses the orc.
The tomahawk barely misses the orc priest.
The orc shouts!
An orc wizard comes into view. It is wielding a dagger.
Aim: an orc, wielding a whip and wearing a ring mail You throw a tomahawk.
The tomahawk hits the orc but does no damage.
The orc priest looks encouraged for a moment.
An orc priest comes into view.
Aim: an orc, wielding a whip and wearing a ring mail You throw a tomahawk.
The tomahawk completely misses the orc.
The orc priest shouts!
The orc priest casts a cantrip, but nothing happens.
A leopard gecko comes into view.
Aim: an orc, wielding a whip and wearing a ring mail You throw a tomahawk.
The leopard gecko hisses angrily.
The tomahawk hits the orc.
The orc priest calls upon Beogh to heal the orc.
The orc's wounds heal themselves!
A quokka comes into view.
You slash the orc!
You kill the orc!
Trog accepts your kill.
An orc comes into view. It is wielding a club.
Aim: an orc wizard, wielding a dagger and wearing a robe You throw a tomahawk.
The tomahawk barely misses the orc wizard.
The tomahawk barely misses the leopard gecko.
The orc shouts!
The tomahawk hits the quokka but does no damage.
The orc priest invokes the aid of Beogh against you.
Beogh smites you!
The orc priest begins to cast a cantrip, but forgets the words!
The orc moves out of view.
You take 10 damage, and have 37/47 hp.
MASSIVE DAMAGE!!
You miss the orc wizard. Your headbutt misses the orc wizard.
The orc wizard casts a spell at you. You resist with some effort.
You barely miss the orc wizard. The orc wizard casts a spell at you.
The puff of flame is repelled.
You miss the orc wizard.
You hit the orc wizard but do no damage.
You block the orc wizard's attack. You block the leopard gecko's attack.
The quokka twitches its whiskers.
You hit the orc wizard. You headbutt the orc wizard.
You hit the leopard gecko but do no damage.
The orc wizard hits you but does no damage.
The orc priest looks braver for a moment.
The leopard gecko barely misses you.
You slash the orc wizard!
You kill the orc wizard!
Trog accepts your kill.
Trog appreciates your killing of a magic user.
Your shield prevents you from hitting the leopard gecko.
You block the leopard gecko's attack.
The orc priest looks satisfied for a moment.
You barely miss the leopard gecko.
The leopard gecko bites you but does no damage.
The leopard gecko bites you.
You take 2 damage, and have 36/47 hp.
You closely miss the leopard gecko. You block the leopard gecko's attack.
You hit the leopard gecko.
You kill the leopard gecko!
Trog accepts your kill.
The orc priest invokes the aid of Beogh against you.
Beogh smites you! The quokka barely misses you.
You take 14 damage, and have 22/47 hp.
MASSIVE DAMAGE!!
You are too injured to fight recklessly!
You are too injured to fight recklessly!
You hit the quokka.
You kill the quokka!
Trog accepts your kill.
You start resting.
You hit the orc. You block the orc's attack.
You barely miss the orc. Your headbutt misses the orc.
The orc hits you but does no damage.
You closely miss the orc. You headbutt the orc.
You kill the orc!
Trog accepts your kill.
Your chain mail prevents you from hitting the orc priest.
You headbutt the orc priest, but do no damage.
The orc priest invokes the aid of Beogh against you.
Beogh smites you!
* * * LOW HITPOINT WARNING * * *
The orc priest invokes the aid of Beogh against you.
Beogh smites you!
* * * LOW HITPOINT WARNING * * *
You take 23 damage, and have 1/47 hp.
MASSIVE DAMAGE!!
You closely miss the orc priest.
The orc priest invokes the aid of Beogh against you.
Beogh smites you!
You die...

.(# .#.. .(#. ..(
.. #.. .#?.#(#####
..!..oo)o.#
#..#.#o#
#####..#.#@###
.>>....#.)...#
(......###.#.######
........##.#.......
...........#.......
...................
.........###.######
.....#....<..#
####.#.#.###.#


You could see 2 orc priests.

Vanquished Creatures
  The ghost of AverageBear the Cutter, an amateur DEFi (D:3)
  An orc wizard (D:4)
  3 adders
  2 oozes (D:3)
  2 worms (D:3)
  2 dart slugs
  5 leopard geckos
  7 orcs
  15 bats
  6 giant cockroaches
  4 goblins
  13 hobgoblins
  6 jackals (D:3)
  3 quokkas
  3 ball pythons
  2 frilled lizards
  7 kobolds
  11 rats
93 creatures vanquished.

Notes
Turn   | Place    | Note
-------+----------+-------------------------------------------
     0 | D:1      | Firecrotchwizard the Minotaur Berserker began the quest for the Orb.
     0 | D:1      | Reached XP level 1. HP: 19/19 MP: 0/0
   254 | D:1      | Reached XP level 2. HP: 27/27 MP: 1/1
   475 | D:1      | Reached skill level 4 in Axes
  1019 | D:1      | Reached skill level 4 in Fighting
  1154 | D:1      | Reached XP level 3. HP: 32/33 MP: 2/2
  1275 | D:2      | Reached ** piety under Trog
  1652 | D:2      | Reached skill level 3 in Armour
  1767 | D:2      | Reached XP level 4. HP: 40/40 MP: 3/3
  1907 | D:3      | Noticed AverageBear's ghost (amateur DEFi)
  2166 | D:3      | Reached skill level 3 in Dodging
  2340 | D:3      | Killed AverageBear's ghost
  2340 | D:3      | Reached skill level 5 in Axes
  2340 | D:3      | Reached XP level 5. HP: 39/47 MP: 4/4
  2386 | D:3      | Reached *** piety under Trog
  3201 | D:4      | HP: 10/47 [orc priest/divine providence (14)]
  3201 | D:4      | HP: 1/47 [orc priest/divine providence (9)]
  3202 | D:4      | Killed from afar by an orc priest

Vault maps used:
D:1:      grunt_arrival_lava_bath
D:2:      minmay_misc_feat_four_crosses
D:3:      hangedman_decor_clover_reticule, corexii_item_surrounded_by_moat
D:4:      grunt_temple_overflow_order_and_chaos_2, temple_fountains,
          first_bread, hex_medium, hangedman_decor_growths,
          eino_small_chamber_without_monster

Skill      XL: |  1  2  3  4 |
---------------+-------------+-----
Axes           | 4 5 |  5.7
Fighting       | 4 |  4.8
Armour         | 3 |  3.9
Dodging        | 3 |  3.4
Shields        | |  0.5

Action                   |  1- 3 |  4- 6 || total
-------------------------+-------+-------++-------
Melee: Hand axe          |    94 |    87 ||   181
       Headbutt          |    15 |    16 ||    31
Throw: Tomahawk          |     8 |    63 ||    71
  Use: Scroll            |     3 |     1 ||     4
 Stab: Sleeping          |     1 |       ||     1
  Eat: Chunk             |     3 |     4 ||     7
Armor: Animal skin       |    29 |     3 ||    32
       Chain mail        |       |    27 ||    27
Dodge: Dodged            |    71 |    39 ||   110
       Deflected         |       |     1 ||     1
Block: Shield            |       |     5 ||     5

Vault maps used:
D:1:      grunt_arrival_lava_bath
D:2:      minmay_misc_feat_four_crosses
D:3:      hangedman_decor_clover_reticule, corexii_item_surrounded_by_moat
D:4:      grunt_temple_overflow_order_and_chaos_2, temple_fountains,
          first_bread, hex_medium, hangedman_decor_growths,
          eino_small_chamber_without_monster

Table legend:
 A = Turns spent in this place as a percentage of turns spent in the entire game.
 B = Non-inter-level travel turns spent in this place as a percentage of non-inter-level travel turns spent in the entire game.
 C = Inter-level travel turns spent in this place as a percentage of turns spent in this place.
 D = Turns resting spent in this place as a percentage of non-inter-level travel turns spent in this place.
 E = Turns spent auto-exploring this place as a percentage of non-inter-level travel turns spent in this place.
 F = Non-inter-level travel turns spent in this place divided by the number of levels of this place that you've seen.
                   A       B       C       D       E      F
               +-------+-------+-------+-------+-------+----------------------
         Total | 100.0 | 100.0 |   1.7 |   2.5 |  15.2 | 189.2
       Dungeon | 100.0 | 100.0 |   1.7 |   2.5 |  15.2 | 189.2
               +-------+-------+-------+-------+-------+----------------------

Table legend:
 A = Kills in this place as a percentage of kills in entire the game.
 B = Kills by you in this place as a percentage of kills by you in the entire game.
 C = Kills by friends in this place as a percentage of kills by friends in the entire game.
 D = Other kills in this place as a percentage of other kills in the entire game.
 E = Experience gained in this place as a percentage of experience gained in the entire game.
 F = Experience gained in this place divided by the number of levels of this place that you have seen.
                   A       B       C       D       E      F
               +-------+-------+-------+-------+-------+----------------------
         Total | 100.0 | 100.0 |  -nan |  -nan | 100.0 |  89.0
       Dungeon | 100.0 | 100.0 |  -nan |  -nan | 100.0 |  89.0
               +-------+-------+-------+-------+-------+----------------------
